 Dungeon Crawl Stone Soup version 0.25-a0-713-g4845790874 (webtiles) character file.

Game seed: 14039169951571529851, levelgen mode: deterministic

5 Hastur the Vexing (level 1, -1/20 HPs)
             Began as an Ogre Arcane Marksman on Apr 5, 2020.
             Slain by a hobgoblin
             ... wielding a +0 spear
              (6 damage)
             ... on level 1 of the Dungeon.
             The game lasted 00:01:06 (386 turns).

Hastur the Vexing (Ogre Arcane Marksman)             Turns: 386, Time: 00:01:07

Health: -1/20      AC:  3    Str: 13    XL:     1   Next: 80%
Magic:  1/2        EV: 10    Int: 14    God:
Gold:   0          SH:  0    Dex:  9    Spells: 1/2 levels left

rFire    . . .     SeeInvis .   h - +0 dagger
rCold    . . .     Gourm    .   (no shield)
rNeg     . . .     Faith    .   a - +0 robe
rPois    .         Spirit   .   (helmet restricted)
rElec    .         Reflect  .   (no cloak)
rCorr    .         Harm     .   (gloves unavailable)
MR       .....                  (boots unavailable)
Stlth    +.........             (no amulet)
HPRegen  0.06/turn              (no ring)
MPRegen  0.08/turn              (no ring)

@: no status effects
A: large, unfitting armour, tough skin 1
a: no special abilities


You were on level 1 of the Dungeon.
You were not hungry.

You visited 1 branch of the dungeon, and saw 1 of its levels.

Inventory:

Hand Weapons
 h - a +0 dagger (weapon)
Missiles
 c - 4 large rocks
 d - 2 throwing nets
 e - 14 stones (quivered)
Armour
 a - a +0 robe (worn)
Potions
 g - a potion of curing {unknown}
Comestibles
 f - a ration


   Skills:
 + Level 1.8 Fighting
 * Level 2.3 Throwing
 - Level 1.7 Dodging
 - Level 1.2 Spellcasting
 - Level 2.6 Hexes


You had one spell level left.
You knew the following spells:

 Your Spells              Type           Power        Failure   Level  Hunger
a - Corona                Hex            #......      9%          1    ##.....

Your spell library contained the following spells:

 Spells                   Type           Power        Failure   Level  Hunger
 Slow                     Hex            #.......     13%         2    ###....
 Inner Flame              Hex/Fire       #.......     41%         3    ####...
 Portal Projectile        Hex/Tloc       #.....       41%         3    ####...
 Cause Fear               Hex            #.........   65%         4    #####..
 Leda's Liquefaction      Hex/Erth       #.........   83%         4    #####..


Dungeon Overview and Level Annotations

Branches:
Dungeon (1/15)

Altars:


Innate Abilities, Weirdness & Mutations

You are too large for most types of armour.
You have tough skin. (AC +1)


Message History

The stone hits the hobgoblin but does no damage.
The hobgoblin is heavily wounded.
The hobgoblin closely misses you.
Throwing (i - inventory. (/) - cycle)
e - 16 stones (quivered)
Press: ? - help, Shift-Dir - straight line, f/p - hobgoblin
Aim: a hobgoblin, wielding a +0 spear (heavily wounded, softly glowing)
You throw a stone.
The stone hits the hobgoblin but does no damage.
The hobgoblin is heavily wounded.
The hobgoblin hits you from afar with a +0 spear.
* * * LOW HITPOINT WARNING * * *
Throwing (i - inventory. (/) - cycle)
e - 15 stones (quivered)
Press: ? - help, Shift-Dir - straight line, f/p - hobgoblin
Aim: a hobgoblin, wielding a +0 spear (heavily wounded, softly glowing)
You throw a stone.
The stone hits the hobgoblin but does no damage.
The hobgoblin is heavily wounded.
The hobgoblin stops glowing.
The hobgoblin hits you from afar with a +0 spear.
You die...

#######.#
........#
.#......##
#.......#
#.....#.#
#.#####.#
#. #.#
.#.#####.#
.......@>#
##.####..#
#g## ...
##.# #.#
..# .##


You could see a hobgoblin.

Vanquished Creatures
  A ball python (D:1)
  A goblin (D:1)
  A hobgoblin (D:1)
  A bat (D:1)
  A rat (D:1)
5 creatures vanquished.

Notes
Turn   | Place    | Note
-------+----------+-------------------------------------------
     0 | D:1      | Hastur the Ogre Arcane Marksman began the quest for the
                  | Orb.
     0 | D:1      | Reached XP level 1. HP: 19/19 MP: 2/2
     0 | D:1      | Noticed a tentacled monstrosity
     3 | D:1      | Noticed an iron dragon
     3 | D:1      | Noticed a large abomination
     5 | D:1      | Noticed a yellow draconian
     6 | D:1      | Noticed a tentacled monstrosity
     7 | D:1      | Noticed a tentacled monstrosity
    10 | D:1      | Noticed an ice dragon
    10 | D:1      | Noticed a shadow dragon
    12 | D:1      | Noticed a large abomination
    14 | D:1      | Noticed an orb of fire
    14 | D:1      | Noticed a shadow dragon
    14 | D:1      | Noticed an iron dragon
    16 | D:1      | Noticed a tentacled monstrosity
    16 | D:1      | Noticed an ice dragon
    16 | D:1      | Noticed an orb of fire
    20 | D:1      | Noticed a large abomination
   386 | D:1      | Slain by a hobgoblin

Levels and vault maps discovered:
D:1:      shiori_arrival_whats_in_store_for_you, layout_basic

Action                   || total
-------------------------++-------
Melee: Unarmed           ||     2
Throw: Stone             ||    33
       Large rock        ||     1
 Cast: Corona            ||     5
Armor: Robe              ||     8
Dodge: Dodged            ||    23

Table legend:
 A = Non-vault XP
 B = Vault XP
 C = Vault XP percentage of total XP
 D = Non-vault monster count
 E = Vault monster count
 F = Vault count percentage of total count
                 A         B        C        D         E       F
            +---------+---------+-------+---------+---------+-------
      Total |       8 |       0 |   0.0 |       5 |       0 |   0.0
            +---------+---------+-------+---------+---------+-------
        D:1 |       8 |       0 |   0.0 |       5 |       0 |   0.0
            +---------+---------+-------+---------+---------+-------
